 Dungeon Crawl Stone Soup version 0.15-a0-2352-g26abbdd (webtiles) character file.

76 Lekart the Skirmisher (level 4, 0/36 HPs)
             Began as a Draconian Chaos Knight on July 31, 2014.
             Was a Plaything of Xom.
             Slain by a ball python (2 damage)
             ... on Level 2 of the Dungeon.
             The game lasted 00:10:21 (2318 turns).

Lekart the Skirmisher (Draconian Chaos Knight)      Turns: 2318, Time: 00:10:21

HP   0/36        AC  5     Str 15      XL: 4   Next: 12%
MP   4/4         EV 12     Int 13      God: Xom
Gold 142         SH  0     Dex  9 (10) Spells:  0 memorised,  3 levels left

rFire  . . .     SeeInvis .     a - +0 mace (chaos)
rCold  . . .     Clarity  .     (armour unavailable)
rNeg   . . .     rCorr    .     (no shield)
rPois  +         rRot     .     (helmet restricted)
rElec  .         Spirit   .     (no cloak)
SustAb .         Warding  .     (no gloves)
rMut   .         Stasis   .     (no boots)
Gourm  .                        (no amulet)
MR     .....                    (no ring)
                                (no ring)

@: constricted, drained, not resistant to hostile enchantments, very unstealthy
A: unfitting armour, deterioration 1, frail 1, poison resistance, cold-blooded,
AC +5
a: Renounce Religion


You were on level 2 of the Dungeon.
You worshipped Xom.
You were a plaything of Xom.
You were hungry.

You visited 1 branch of the dungeon, and saw 4 of its levels.

You collected 142 gold pieces.

Inventory:

Hand weapons
 a - a +0 mace of chaos (weapon)
Comestibles
 b - a slice of pizza
 c - 3 bread rations
 f - 2 meat rations
 g - a beef jerky
 j - a royal jelly
 n - 3 fruits
Scrolls
 i - 2 scrolls of identify {unknown}
 m - a scroll of enchant armour {unknown}
 o - a scroll of fog {unknown}
Jewellery
 e - an uncursed amulet of resist corrosion {unknown}
Potions
 d - a potion of curing
 h - a potion of restore abilities


   Skills:
 + Level 4.1(3.4) Fighting
 + Level 3.6(2.9) Maces & Flails
 + Level 3.1(2.4) Dodging
 + Level 0.2(0.0) Stealth


You had 3 spell levels left.
You didn't know any spells.

Dungeon Overview and Level Annotations

Branches:
Dungeon (4/15)
 Temple: D:4-7

Altars:
Cheibriados
Sif Muna

Shops:
D:4 }

Annotations:
D:3 Lekart's ghost, average DrCK


Innate Abilities, Weirdness & Mutations

Your plain brown scales are hard (AC +5).
Your body does not fit into most forms of armour.
Your cold-blooded metabolism reacts poorly to cold.
Your body is slowly deteriorating.
You are frail (-10% HP).
Your system is resistant to poisons.


Message History

You escape the ball python's grasp.
The jackal barely misses you. Something bites you but does no damage.
You climb upwards.
There is a stone staircase leading down here.
Unknown command.
The ball python misses you. The ball python grabs you.
The ball python constricts you.
You escape the ball python's grasp.
You miss something. Something bites you.
* * * LOW HITPOINT WARNING * * *
Something bites you.
* * * LOW HITPOINT WARNING * * *
You barely miss something. Something bites you.
* * * LOW HITPOINT WARNING * * *
You barely miss something.
Your tail-slap misses something.
The ball python barely misses you. The ball python grabs you.
The ball python constricts you. Something bites you but does no damage.
The ball python bites you.
You die... "What!?
That's it?"

...©.# #..........#####
...#.## #..##.#........#
...#..# #.....#.#......#
...#..#
#####...#.#.#......#
####..#
#...#....<......####
...)..# #.#.#.#.#..)....#
#.....# #.#.............#
.....######.###S##........#
#....(........#.@.h>......#
#...........#.####.#......#
####........#....#.########
#........####.#'###
#..(.....#........#
#........#........#
#........#........#
#........#........#
##########........#


You could see a jackal and a ball python.

Vanquished Creatures
  3 worms (D:2)
  An orc skeleton (D:4)
  2 giant geckos
  4 giant cockroaches
  3 goblins (D:2)
  7 hobgoblins
  8 jackals
  10 bats
  A giant newt (D:4)
  4 kobolds
  5 rats
48 creatures vanquished.

Vanquished Creatures (collateral kills)
  A jackal (D:3)
1 creature vanquished.

Grand Total: 49 creatures vanquished

Notes
Turn   | Place    | Note
--------------------------------------------------------------
     0 | D:1      | Lekart, the Draconian Chaos Knight, began the quest for the Orb.
     0 | D:1      | Reached XP level 1. HP: 19/19 MP: 1/1
   254 | D:1      | Reached XP level 2. HP: 24/26 MP: 2/2
   441 | D:1      | XOM: harmless Divn miscast
   472 | D:1      | XOM: enchant monster (bad)
   499 | D:1      | XOM: mild Necr miscast
   993 | D:1      | XOM: draining
  1069 | D:2      | Reached XP level 3. HP: 33/33 MP: 3/3
  1146 | D:2      | Found a deep blue altar of Sif Muna.
  1570 | D:2      | Reached skill level 4 in Fighting
  1888 | D:3      | Noticed Lekart's ghost (average DrCK)
  2048 | D:4      | Found Lableaff's Gadget Shop.
  2050 | D:4      | Noticed a phantom
  2067 | D:4      | Reached XP level 4. HP: 20/40 MP: 4/4
  2097 | D:4      | Gained mutation: Your body is slowly deteriorating. [potion of mutation]
  2097 | D:4      | Gained mutation: Your system is resistant to poisons. [potion of mutation]
  2097 | D:4      | Gained mutation: You are frail (-10% HP). [potion of mutation]
  2101 | D:4      | Found a snail-covered altar of Cheibriados.
  2101 | D:4      | Noticed an ogre
  2276 | D:3      | XOM: confuse monster(s)
  2302 | D:3      | XOM: enchant monster (bad)
  2318 | D:2      | Slain by a ball python

Action                   |  1- 3 |  4- 6 || total
-------------------------+-------+-------++-------
Melee: Mace              |   179 |    20 ||   199
  Use: Scroll            |     2 |       ||     2
       Potion            |       |     5 ||     5
  Eat: Chunk             |     4 |       ||     4
